Map: Ruins of Seras

Players

Perfume

  • Race: Terran Terran
  • League: Bronze

Bagain - Winner!

  • Race: Protoss Protoss
  • League: Gold

VOD

Have the link to the VOD?

Description

Time

  • Played on: Feb. 12, 2016, 8:39 a.m.
  • Length: 18:03
Show
View Real Time Build Order
Export as new Build Order

Perfume Terran 

Build Orders:  

Get SALT Encoding   

  12  0:00  SCV  
  13  0:12  SCV  
  14  0:18  Supply Depot  
  14  0:24  SCV  
  15  0:30  Refinery  
  15  0:40  SCV  
  16  0:45  Barracks  
  16  0:52  SCV  
  17  0:59  Refinery  
  17  1:04  SCV  
  18  1:16  SCV  
  19  1:19  Barracks  
  19  1:32  Orbital Command  
  19  1:39  Barracks Tech Lab  
  19  1:43  Supply Depot  
  19  1:57  Marine  
  19  1:59  SCV  
  21  2:09  Barracks Reactor  
  21  2:10  Factory  
  21  2:13  SCV  
  22  2:24  Stimpack  
  22  2:25  SCV  
  22  2:29  Marauder  
  25  2:37  SCV  
  25  2:39  Supply Depot  
  26  2:47  Marine x2  
  28  2:56  Starport  
  28  2:57  Factory Reactor  
  28  3:00  SCV  
  29  3:08  Marine x2  
  31  3:13  Marauder  
  33  3:22  SCV  
  33  3:26  Supply Depot  
  34  3:34  Engineering Bay  
  34  3:41  Medivac x2  
  34  3:47  Marine, Widow Mine  
  34  3:48  Marine  
  42  3:54  Supply Depot  
  42  4:03  Marine  
  43  4:26  Marine x2  
  45  4:35  Marauder  
  47  4:43  Marine  
  47  4:44  Marine  
  49  4:48  SCV  
  49  4:50  Command Center  
  49  4:51  Terran Infantry Weapons Level 1  
  50  5:01  Marine x2  
  50  5:03  Missile Turret  
  41  5:26  Marine x2  
  41  5:27  Marauder  
  45  5:34  SCV  
  46  5:35  Refinery  
  46  5:41  Barracks x2  
  44  5:44  Marine x2, Factory Tech Lab  
  44  5:49  Marauder  
  48  5:50  Medivac  
  48  5:54  Concussive Shells  
  50  6:03  Orbital Command  
  50  6:08  Refinery  
  50  6:10  SCV  
  51  6:15  Marine x2  
  53  6:22  SCV  
  54  6:33  SCV  
  54  6:34  SCV  
  54  6:37  Siege Tank  
  54  6:38  Barracks Reactor, Barracks Tech Lab  
  59  6:45  Factory, SCV  
  62  6:54  Marauder  
  62  6:57  SCV  
  62  7:01  Supply Depot, Terran Infantry Armor Level 1  
  63  7:07  Armory  
  63  7:09  SCV  
  63  7:13  Siege Tank  
  63  7:14  Marine  
  68  7:22  SCV  
  69  7:27  Marine  
  69  7:28  Marauder  
  69  7:29  Marine  
  73  7:30  Factory Tech Lab  
  73  7:32  Marine  
  73  7:34  SCV  
  73  7:35  Engineering Bay  
  75  7:45  Siege Tank  
  78  7:56  Supply Depot  
  78  8:01  Supply Depot  
  78  8:17  Marine x4, Siege Tank, SCV  
  86  8:23  Medivac x2  
  90  8:27  SCV  
  90  8:30  Marauder  
  93  8:35  Marine  
  93  8:37  Starport  
  93  8:41  Supply Depot x2  
  94  9:02  Marine x3  
  99  9:03  Marauder  
  99  9:18  Marine  
  99  9:20  Marine x3  
  99  9:21  Siege Tank x2  
  109  9:25  Marauder  
  95  9:35  Marine  
  95  9:38  Marine x3  
  66  9:46  Starport Reactor  
  66  9:47  Marauder x2  
  68  9:53  Marine  
  68  9:56  Marine x3  
  68  9:57  Medivac  
  74  10:08  Marauder  
  74  10:09  Marauder  
  74  10:11  Marine  
  74  10:13  Marine x3  
  82  10:16  SCV  
  83  10:29  Marine, Siege Tank  
  83  10:34  Command Center  
  87  10:36  Supply Depot  
  87  10:39  Medivac  
  89  10:43  Terran Infantry Weapons Level 2  
  89  10:51  Siege Tank  
  92  10:59  SCV  
  92  11:04  Supply Depot  
  93  11:11  SCV  
  94  11:20  Refinery  
  94  11:23  SCV  
  95  11:37  Marine x2  
  95  11:38  Marine x2, Marauder  
  95  11:39  Marauder  
  103  11:40  Medivac x2  
  103  11:41  Siege Tank  
  110  11:49  Liberator x2  
  110  11:52  Orbital Command  
  110  11:53  Refinery, Liberator x2  
  110  11:57  Siege Tank  
  119  12:12  Marine x2  
  119  12:13  Marauder  
  129  12:35  Marine  
  129  12:36  Marine, Marauder  
  135  12:37  Marine x2, Marauder  
  135  12:40  Supply Depot  
  135  12:42  Supply Depot  
  137  12:49  Medivac x2  
  141  13:00  Liberator x2  
  141  13:02  Marine x4, Marauder x2  
  155  13:20  Marine x2  
  155  13:23  Supply Depot  
  155  13:25  Supply Depot  
  157  13:44  Marine x4  
  157  13:45  Marauder x2  
  165  14:02  Marine x2  
  167  14:06  Marauder  
  169  14:12  Liberator  
  172  14:37  Supply Depot  
  172  14:38  Supply Depot x2  
  172  14:41  Liberator x3  
  181  15:11  Terran Infantry Armor Level 2  
  181  15:14  Supply Depot  
  181  15:15  Marine x2  
  181  15:16  Marauder  
  169  15:37  Marauder  
Show
View Real Time Build Order
Export as new Build Order

Bagain Protoss - Winner!

Build Orders:  

Get SALT Encoding   

  12  0:01  Probe (Chrono Boost)  
  13  0:12  Probe (Chrono Boost)  
  14  0:19  Pylon  
  14  0:24  Probe (Chrono Boost)  
  15  0:38  Probe (Chrono Boost)  
  15  0:40  Gateway  
  16  0:46  Assimilator  
  17  0:50  Probe (Chrono Boost)  
  17  1:00  Pylon  
  17  1:03  Probe (Chrono Boost)  
  18  1:14  Probe (Chrono Boost)  
  19  1:25  Probe (Chrono Boost)  
  20  1:40  Cybernetics Core, Probe (Chrono Boost)  
  20  1:41  Assimilator  
  21  1:56  Nexus  
  21  2:02  Pylon  
  21  2:03  Probe (Chrono Boost)  
  22  2:17  Mothership Core (Chrono Boost)  
  22  2:18  Adept  
  22  2:20  Warp Gate  
  26  2:33  Pylon  
  26  2:39  Probe (Chrono Boost)  
  27  2:49  Adept  
  29  2:52  Probe (Chrono Boost)  
  30  3:01  Pylon  
  30  3:03  Probe (Chrono Boost)  
  31  3:11  Gateway  
  32  3:12  Probe (Chrono Boost)  
  32  3:13  Probe (Chrono Boost)  
  33  3:23  Probe (Chrono Boost)  
  33  3:24  Probe (Chrono Boost)  
  35  3:28  Pylon  
  35  3:34  Probe (Chrono Boost)  
  36  3:35  Gateway  
  36  3:42  Probe (Chrono Boost)  
  36  3:44  Probe (Chrono Boost)  
  38  3:53  Probe (Chrono Boost)  
  38  3:55  Probe (Chrono Boost)  
  40  3:58  Robotics Facility  
  40  4:05  Gateway  
  40  4:07  Probe (Chrono Boost)  
  40  4:08  Probe (Chrono Boost)  
  42  4:27  Probe x2 (Chrono Boost)  
  44  4:32  Forge  
  44  4:33  Assimilator  
  44  4:34  Stalker x2  
  47  4:46  Probe x2 (Chrono Boost)  
  47  4:50  Observer  
  50  4:56  Probe x2 (Chrono Boost)  
  52  5:00  Adept x4  
  60  5:43  Adept x4  
  60  5:47  Photon Cannon  
  60  5:48  Immortal  
  72  5:53  Twilight Council  
  72  5:56  Pylon  
  72  5:59  Pylon  
  72  6:04  Pylon  
  72  6:10  Photon Cannon  
  72  6:11  Probe x2 (Chrono Boost)  
  74  6:15  Assimilator  
  74  6:21  Probe (Chrono Boost)  
  74  6:22  Protoss Ground Weapons Level 1  
  74  6:23  Pylon x2  
  75  6:30  Stalker x3  
  75  6:32  Resonating Glaives  
  81  6:40  Immortal  
  85  6:48  Stalker  
  87  6:56  Probe x2 (Chrono Boost)  
  87  6:58  Stargate  
  89  7:06  Stalker  
  89  7:07  Stalker, Probe (Chrono Boost)  
  94  7:09  Stalker  
  96  7:34  Adept  
  96  7:35  Adept x2  
  102  7:37  Observer  
  102  7:38  Nexus  
  102  7:41  Photon Cannon  
  103  7:49  Forge  
  103  7:50  Oracle  
  106  8:06  Probe x2 (Chrono Boost)  
  108  8:17  Adept  
  108  8:18  Adept x3  
  115  8:30  Pylon  
  115  8:31  Pylon x2  
  115  8:49  Immortal  
  115  9:28  Stalker x4  
  93  9:43  Probe (Chrono Boost)  
  93  9:44  Probe x2 (Chrono Boost)  
  92  9:54  Probe x3 (Chrono Boost)  
  92  9:59  Stalker x4  
  103  10:01  Blink  
  103  10:03  Protoss Ground Weapons Level 2  
  103  10:04  Immortal, Probe (Chrono Boost)  
  103  10:07  Assimilator x2  
  108  10:11  Robotics Facility  
  108  10:13  Pylon  
  108  10:34  Stargate  
  108  10:37  Stargate  
  108  10:38  Protoss Ground Armor Level 1  
  108  10:42  Fleet Beacon  
  108  10:44  Gateway, Immortal, Sentry x2  
  108  10:45  Sentry, Gateway  
  108  10:46  Gateway  
  118  10:56  Probe x2 (Chrono Boost)  
  118  10:57  Probe (Chrono Boost)  
  121  11:07  Probe x3 (Chrono Boost)  
  121  11:08  Oracle  
  121  11:11  Photon Cannon  
  127  11:17  Probe (Chrono Boost)  
  127  11:18  Probe x2 (Chrono Boost)  
  130  11:25  Adept x4  
  138  11:28  Probe x2 (Chrono Boost)  
  140  11:41  Tempest x2  
  148  11:49  Tempest  
  152  11:59  Immortal  
  156  12:02  Immortal  
  160  12:21  Nexus  
  160  12:25  Assimilator  
  160  12:29  Assimilator  
  160  12:31  Adept x2, Pylon  
  164  12:37  Pylon  
  164  12:49  Tempest x2  
  172  13:10  Pylon  
  172  13:11  Adept x2  
  172  13:12  Adept x2  
  180  13:13  Pylon  
  180  13:15  Pylon  
  180  13:18  Pylon, Probe (Chrono Boost)  
  181  13:20  Pylon  
  181  13:28  Probe x2 (Chrono Boost)  
  178  14:07  Adept x7  
  192  14:15  Immortal x2  
  200  15:13  Protoss Ground Armor Level 2  
  200  15:14  Protoss Ground Weapons Level 3  
  180  15:45  Void Ray x3  
  176  16:19  Immortal x2  
  176  16:20  Stalker x5  
  176  16:21  Stalker x2  
  176  16:57  Probe (Chrono Boost)  
  176  16:58  Probe (Chrono Boost)  
Tags
 
Matchup
PvT
Replay Pack
rep
Add a new tag
Caveats
  • Supply blocks, unpowered buildings, or Contaminate may cause inaccurate times.
  • Supply counts are checked every 10 seconds.